 Dungeon Crawl Stone Soup version 0.23.0 (webtiles) character file.

Game seed: 16202198890350275144

64 Mgcat the Skirmisher (level 4, 0/49 HPs)
             Began as an Ogre Fighter on Feb 12, 2019.
             Succumbed to an adder's poison
             ... on level 2 of the Dungeon.
             The game lasted 00:02:26 (1247 turns).

Mgcat the Skirmisher (Ogre Fighter)                 Turns: 1247, Time: 00:02:26

Health: 0/49       AC:  3    Str: 20    XL:     4   Next: 12%
Magic:  4/4        EV:  8    Int:  9    God:
Gold:   138        SH:  8    Dex:  9    Spells: 3/3 levels left

rFire    . . .     SeeInvis .   a - +0 war axe
rCold    . . .     Gourm    .   c - +0 shield
rNeg     . . .     Faith    .   b - +0 robe
rPois    .         Spirit   .   (helmet restricted)
rElec    .         Reflect  .   (no cloak)
rCorr    .         Harm     .   (gloves unavailable)
MR       .....                  (boots unavailable)
Stlth    +.........             (no amulet)
HPRegen  0.16/turn              (no ring)
MPRegen  0.09/turn              (no ring)

@: lethally poisoned (0 -> -8), flying, hasted, very quick
A: large, unfitting armour, tough skin 1
a: no special abilities


You were on level 2 of the Dungeon.
You were not hungry.

You visited 1 branch of the dungeon, and saw 2 of its levels.

You collected 138 gold pieces.

Inventory:

Hand Weapons
 a - a +0 war axe (weapon)
Armour
 b - a +0 robe (worn)
 c - a +0 shield (worn)
Scrolls
 e - 6 scrolls of identify {unknown}
 i - 8 scrolls of remove curse {unknown}
 j - a scroll of enchant armour {unknown}
 k - 2 scrolls of teleportation {unknown}
Potions
 d - a potion of might
 g - a potion of flight
 l - a potion of curing
Comestibles
 f - a ration
 h - 5 chunks of flesh {@w0}


   Skills:
 + Level 4.7 Fighting
 + Level 2.6 Axes
 + Level 3.2 Dodging
 + Level 3.2 Shields


You had 3 spell levels left.
You didn't know any spells.
Your spell library was empty.

Dungeon Overview and Level Annotations

Branches:
Dungeon (2/15)

Altars:


Innate Abilities, Weirdness & Mutations

You are too large for most types of armour.
You have tough skin. (AC +1)


Message History

Warning x2: The adder is fast and can poison!
The worker ant is fast and can poison!
Unknown command.
Warning x2: The adder is fast and can poison!
The worker ant is fast and can poison!
Unknown command.
Warning x2: The adder is fast and can poison!
The worker ant is fast and can poison!
Unknown command.
Warning x2: The adder is fast and can poison!
The worker ant is fast and can poison!
Unknown command.
Warning x2: The adder is fast and can poison!
The worker ant is fast and can poison!
Unknown command.
Warning x2: The adder is fast and can poison!
The worker ant is fast and can poison!
Unknown command.
Warning x2: The adder is fast and can poison!
The worker ant is fast and can poison!
Unknown command.
Warning x2: The adder is fast and can poison!
The worker ant is fast and can poison!
You hit the worker ant but do no damage.
The worker ant is lightly wounded.
You closely miss the adder.
You feel sick. You block the adder's attack. You block the worker ant's attack.
You block the adder's attack. The worker ant barely misses you.
You take 1 damage, and have 34/49 hp.
Warning x2: The adder is fast and can poison!
The worker ant is fast and can poison!
Unknown command.
Warning x2: The adder is fast and can poison!
The worker ant is fast and can poison!
Unknown command.
Warning x2: The adder is fast and can poison!
The worker ant is fast and can poison!
You closely miss the adder.
The adder is almost dead.
You slash the worker ant! You block the adder's attack.
The worker ant bites you. The adder bites you.
You are more poisoned.
The adder poisons you! You block the worker ant's attack.
You take 8 damage, and have 26/49 hp.
Warning x2: The adder is fast and can poison!
The worker ant is fast and can poison!
Unknown command.
Warning x2: The adder is fast and can poison!
The worker ant is fast and can poison!
You miss the adder.
The adder is almost dead.
You hit the worker ant.
You feel sick. The adder barely misses you. You block the worker ant's attack.
The adder barely misses you.
You take 1 damage, and have 25/49 hp.
Warning x2: The adder is fast and can poison!
The worker ant is fast and can poison!
Unknown command.
Warning x2: The adder is fast and can poison!
The worker ant is fast and can poison!
You hit the worker ant.
The worker ant is almost dead.
You miss the adder.
You feel sick. You block the worker ant's attack. The adder bites you.
The worker ant bites you. You block the adder's attack.
You take 5 damage, and have 20/49 hp.
Warning x2: The adder is fast and can poison!
The worker ant is fast and can poison!
Unknown command.
Warning x2: The adder is fast and can poison!
The worker ant is fast and can poison!
You miss the adder.
The adder is almost dead.
You closely miss the worker ant. The worker ant bites you.
The adder closely misses you. The worker ant bites you.
You are more poisoned.
The worker ant poisons you! The adder bites you.
You are more poisoned.
The adder poisons you!
You take 4 damage, and have 16/49 hp.
Warning x2: The adder is fast and can poison!
The worker ant is fast and can poison!
Unknown command.
Warning x2: The adder is fast and can poison!
The worker ant is fast and can poison!
It was a potion of flight.
You feel very buoyant.
You fly up into the air.
You feel sick. The adder bites you.
* * * LOW HITPOINT WARNING * * *
The worker ant bites you.
* * * LOW HITPOINT WARNING * * *
You take 9 damage, and have 7/49 hp.
Warning x2: The adder is fast and can poison!
The worker ant is fast and can poison!
Unknown command.
Warning x2: The adder is fast and can poison!
The worker ant is fast and can poison!
Unknown command.
Warning x2: The adder is fast and can poison!
The worker ant is fast and can poison!
Unknown command.
Warning x2: The adder is fast and can poison!
The worker ant is fast and can poison!
It was a potion of curing.
You feel better. The adder bites you.
* * * LOW HITPOINT WARNING * * *
You are poisoned.
The adder poisons you! You block the worker ant's attack. The adder bites you.
* * * LOW HITPOINT WARNING * * *
You are lethally poisoned!
The adder poisons you! The worker ant bites you!
* * * LOW HITPOINT WARNING * * *
You take 6 damage, and have 1/49 hp.
Warning x2: The adder is fast and can poison!
The worker ant is fast and can poison!
Unknown command.
Warning x2: The adder is fast and can poison!
The worker ant is fast and can poison!
Unknown command.
Warning x2: The adder is fast and can poison!
The worker ant is fast and can poison!
Unknown command.
Warning x2: The adder is fast and can poison!
The worker ant is fast and can poison!
Unknown command.
Warning x2: The adder is fast and can poison!
The worker ant is fast and can poison!
Okay, then.
Warning x2: The adder is fast and can poison!
The worker ant is fast and can poison!
It was a potion of haste.
You feel yourself speed up.
You die...

# #. #.. .... ..##.#
.... ##.##.#
#..#..#########......###
#....gS@...##......#....
.... .....>a...(...#.#
...#..
#..#####+.#.######(....#
#..##. #..#≈...# #.#..#
##....###..# .
..#..#≈...# ...##
##........###
#.#..#≈...# ...##
##..##...... #.#..#≈...#
#.#...# ##.###..##.
#.#..#≈≈≈≈#.##.#.#.#
#..##..... #.#..'####
..#.#.#.## ##....#.###


You could see a worker ant, an adder and a goblin.

Vanquished Creatures
  An adder (D:1)
  An ooze (D:2)
  2 dart slugs (D:1)
  A leopard gecko (D:1)
  2 ball pythons (D:1)
  A giant cockroach (D:1)
  5 goblins (D:1)
  5 hobgoblins
  4 jackals (D:2)
  6 kobolds
  5 bats
  4 frilled lizards
  7 rats
44 creatures vanquished.

Notes
Turn   | Place    | Note
-------+----------+-------------------------------------------
     0 | D:1      | Mgcat the Ogre Fighter began the quest for the Orb.
     0 | D:1      | Reached XP level 1. HP: 24/24 MP: 1/1
    87 | D:1      | Reached XP level 2. HP: 31/32 MP: 2/2
   433 | D:1      | Reached skill level 3 in Dodging
   462 | D:1      | Reached skill level 3 in Shields
   477 | D:1      | Reached XP level 3. HP: 40/40 MP: 3/3
  1117 | D:2      | Reached XP level 4. HP: 49/49 MP: 4/4
  1245 | D:2      | HP: 10/49 [adder (4)]
  1246 | D:2      | HP: 1/49 [worker ant (7)]
  1247 | D:2      | Succumbed to an adder's poison

Skill      XL: |  1  2 |
---------------+-------+-----
Dodging        | 3 |  3.2
Shields        | 3 |  3.2
Fighting       | |  4.7
Axes           | |  2.6

Action                   |  1- 3 |  4- 6 || total
-------------------------+-------+-------++-------
Melee: War axe           |   110 |    14 ||   124
  Use: Potion            |       |     3 ||     3
  Eat: Chunk             |     1 |       ||     1
Armor: Robe              |    33 |     5 ||    38
Dodge: Dodged            |    54 |     9 ||    63
Block: Shield            |    72 |    18 ||    90

Levels and vault maps discovered:
D:1:      matt_arrival_diagonals, layout_loops_ring
D:2:      layout_rooms, serial_rivers, chequers_serial_rivers_room_a,
          chequers_serial_rivers_small_b, chequers_serial_rivers_micro_b,
          chequers_serial_rivers_small_a, chequers_serial_rivers_micro_d,
          chequers_serial_rivers_micro_b

Table legend:
 A = Turns spent in this place as a percentage of turns spent in the entire game.
 B = Non-inter-level travel turns spent in this place as a percentage of non-inter-level travel turns spent in the entire game.
 C = Inter-level travel turns spent in this place as a percentage of turns spent in this place.
 D = Turns resting spent in this place as a percentage of non-inter-level travel turns spent in this place.
 E = Turns spent auto-exploring this place as a percentage of non-inter-level travel turns spent in this place.
 F = Non-inter-level travel turns spent in this place divided by the number of levels of this place that you've seen.
                   A       B       C       D       E      F
               +-------+-------+-------+-------+-------+----------------------
         Total | 100.0 | 100.0 |   1.3 |   0.6 |  76.5 | 615.5
       Dungeon | 100.0 | 100.0 |   1.3 |   0.6 |  76.5 | 615.5
               +-------+-------+-------+-------+-------+----------------------

Table legend:
 A = Kills in this place as a percentage of kills in entire the game.
 B = Kills by you in this place as a percentage of kills by you in the entire game.
 C = Kills by friends in this place as a percentage of kills by friends in the entire game.
 D = Other kills in this place as a percentage of other kills in the entire game.
 E = Experience gained in this place as a percentage of experience gained in the entire game.
 F = Experience gained in this place divided by the number of levels of this place that you have seen.
                   A       B       C       D       E      F
               +-------+-------+-------+-------+-------+----------------------
         Total | 100.0 | 100.0 |   N/A |   N/A | 100.0 |  46.0
       Dungeon | 100.0 | 100.0 |   N/A |   N/A | 100.0 |  46.0
               +-------+-------+-------+-------+-------+----------------------
